 Dungeon Crawl Stone Soup version 0.19.4-8-ga85b6b9 (webtiles) character file.

231 Ponchio the Skirmisher (level 6, -7/40 HPs)
             Began as a Gargoyle Fighter on Feb 12, 2017.
             Killed by divine providence
             ... invoked by an orc priest
              (17 damage)
             ... on level 3 of the Dungeon.
             The game lasted 00:08:43 (1875 turns).

Ponchio the Skirmisher (Gargoyle Fighter)           Turns: 1875, Time: 00:08:43

Health: -7/40      AC:  6    Str: 20    XL:     6   Next: 3%
Magic:  6/6        EV:  8    Int:  8    God:
Gold:   60         SH: 10    Dex: 11    Spells: 0 memorised, 5 levels left

rFire  . . .     SeeInvis .     a - +2 flail
rCold  . . .     Gourm    .     p - +0 robe (curse)
rNeg   + + .     Faith    .     c - +1 shield
rPois  ∞         Spirit   .     (no helmet)
rElec  +         Reflect  .     (no cloak)
rCorr  .         Harm     .     (no gloves)
MR     +....                    (no boots)
Stlth  +.........               (no amulet)
                                o - ring of protection from magic
                                k - ring of positive energy

@: exhausted, flying, slowed, very slow
A: negative energy resistance 1, electricity resistance, unbreathing,
petrification resistance, rot immunity, AC +4
a: no special abilities


You were on level 3 of the Dungeon.
You were not hungry.

You visited 1 branch of the dungeon, and saw 3 of its levels.

You collected 60 gold pieces.

Inventory:

Hand Weapons
 a - a +2 flail (weapon)
Missiles
 i - 7 poisoned javelins (quivered)
Armour
 b - a +0 scale mail
 c - a +1 shield (worn)
 p - a cursed +0 robe (worn)
Jewellery
 k - a ring of positive energy (left hand)
 o - a ring of protection from magic (right hand)
Scrolls
 e - 2 scrolls of blinking
Potions
 d - a potion of might
 n - a potion of ambrosia {unknown}
 q - a potion of heal wounds {unknown}
 r - a potion of cancellation {unknown}
Comestibles
 f - 4 bread rations
 g - 2 beef jerkies


   Skills:
 + Level 5.2 Fighting
 + Level 4.7 Maces & Flails
 - Level 3.2 Armour
 - Level 3.2 Shields


You had 5 spell levels left.
You didn't know any spells.

Dungeon Overview and Level Annotations

Branches:
Dungeon (3/15)

Altars:


Innate Abilities, Weirdness & Mutations

You are resistant to torment.
Your stone body is resilient. (AC +4)
You are immune to poison.
You resist negative energy. (rN+)
You are resistant to electric shocks. (rElec)
You can survive without breathing.
You are immune to petrification.
You are immune to rotting.


Message History

A red film seems to cover your vision as you go berserk!
You feel yourself moving faster!
You feel mighty!
The orc wizard mumbles some strange words.
The orc wizard blinks!
The orc hits you with a hand axe.
* * * LOW HITPOINT WARNING * * *
You are too injured to fight recklessly!
You are too injured to fight recklessly!
You are too injured to fight recklessly!
You are too injured to fight recklessly!
You feel a strong urge to attack something.
You feel your anger subside.
You are no longer berserk.
You are exhausted.
You feel yourself slow down.
It was a potion of flight.
You feel very buoyant.
You fly up into the air.
The orc priest mumbles some strange prayers to Beogh against you.
Beogh smites you!
You die...

#..#(...o........#
#o.(..8.....$8....
#o##..............
#o##....8..8...##.
#.##............
#o.##......[....
#####
##o#######.####
#...#### #.# .#
#.#....# #@# #
#.####.# #.# #.#
#.###.#####. #.##
#............
#..###...#.#####.#
#....#.....# ##..#
#..<.##.#..###...
#....##......#..#
#..#.#####...#..#


You could see an orc priest, an orc wizard and 3 orcs.

Vanquished Creatures
  A bullfrog (D:3)
  An orc wizard (D:3)
  7 adders
  3 oozes (D:1)
  2 worms (D:3)
  2 dart slugs
  A leopard gecko (D:2)
  4 orcs (D:3)
  4 bats
  A giant cockroach (D:1)
  2 hobgoblins
  A quokka (D:2)
  7 frilled lizards
  9 goblins
  12 kobolds
  8 rats
65 creatures vanquished.

Notes
Turn   | Place    | Note
-------+----------+-------------------------------------------
     0 | D:1      | Ponchio the Gargoyle Fighter began the quest for the Orb.
     0 | D:1      | Reached XP level 1. HP: 14/14 MP: 1/1
    22 | D:1      | Reached XP level 2. HP: 19/19 MP: 2/2
   316 | D:1      | Reached XP level 3. HP: 24/24 MP: 3/3
   361 | D:1      | Reached skill level 4 in Fighting
   848 | D:2      | Reached XP level 4. HP: 25/29 MP: 4/4
  1363 | D:3      | Noticed a bullfrog
  1407 | D:3      | Killed a bullfrog
  1407 | D:3      | Reached XP level 5. HP: 27/34 MP: 5/5
  1574 | D:3      | Reached skill level 5 in Fighting
  1686 | D:3      | Reached XP level 6. HP: 27/40 MP: 6/6
  1875 | D:3      | Killed from afar by an orc priest

Skill      XL: |  1  2  3  4  5 |
---------------+----------------+-----
Fighting       | 4 5 |  5.2
Maces & Flails | 3 4 |  4.7
Armour         | |  3.2
Shields        | |  3.2

Action                   |  1- 3 |  4- 6 || total
-------------------------+-------+-------++-------
Melee: Flail             |    96 |   124 ||   220
  Use: Scroll            |       |     7 ||     7
       Potion            |       |     2 ||     2
  Eat: Chunk             |       |     4 ||     4
Armor: Scale mail        |    63 |    44 ||   107
       Robe              |       |     7 ||     7
Dodge: Dodged            |    27 |    35 ||    62
Block: Shield            |    45 |    72 ||   117
